 Dungeon Crawl Stone Soup version 0.27.1-3-gb3d3a73c9e (webtiles) character file.

Game seed: 5806856779552405165

236 MajorAdolf the Chopper (level 6, -1/57 HPs)
             Began as a Naga Wanderer on Oct 22, 2021.
             Slain by Pikel (6 damage)
             ... on level 3 of the Dungeon.
             The game lasted 00:04:15 (5331 turns).

MajorAdolf the Chopper (Naga Wanderer)              Turns: 5331, Time: 00:04:16

Health: -1/57      AC:  7    Str: 16    XL:     6   Next: 6%
Magic:  15/15      EV:  5    Int: 11    God:
Gold:   153        SH:  0    Dex: 12    Spells: 5/5 levels left

rFire    . . .     SeeInvis +   a - +2 hand axe
rCold    . . .     Faith    .   (no shield)
rNeg     . . .     Spirit   .   m - +0 chain mail
rPois    +         Reflect  .   (no helmet)
rElec    .         Harm     .   (no cloak)
rCorr    .         Rampage  .   (no gloves)
Will     .....                  (no barding)
Stlth    ..........             (no amulet)
HPRegen  0.19/turn              e - ring of magical power
MPRegen  0.14/turn              (no ring)

@: very slow
A: AC +2, large, see invisible, deformed body, poison resistance, slowness 2,
spit poison 1, naga tail 1
a: Spit Poison


You were on level 3 of the Dungeon.
You visited 1 branch of the dungeon, and saw 4 of its levels.

You collected 153 gold pieces.

Inventory:

Hand Weapons
 a - a +2 hand axe (weapon)
Missiles
 o - 17 poisoned darts (quivered)
Armour
 d - a +0 robe
 m - a +0 chain mail (worn)
Jewellery
 e - a ring of magical power (left hand)
Wands
 n - a wand of flame (9)
Scrolls
 c - 2 scrolls of teleportation
 f - 2 scrolls of identify {unknown}
 i - a scroll of acquirement {unknown}
 q - a scroll of torment {unknown}
Potions
 b - 4 potions of curing
 g - 3 potions of attraction {unknown}
 h - a potion of lignification {unknown}
 j - a potion of ambrosia {unknown}
 k - 2 potions of heal wounds {unknown}
 l - a potion of haste {unknown}
 p - a potion of degeneration {unknown}


   Skills:
 + Level 3.7 Fighting
 + Level 4.3 Axes
 - Level 1.0 Throwing
 + Level 2.9 Armour
 + Level 1.7 Dodging
 + Level 1.6 Evocations


You had 5 spell levels left.
You didn't know any spells.
Your spell library was empty.

Dungeon Overview and Level Annotations

Branches:
Dungeon (4/15)
 Temple: D:4-7

Altars:
Hepliaklqana
Trog
Wu Jian

Annotations:
D:3 Pikel


Innate Abilities, Weirdness & Mutations

Your serpentine skin is tough. (AC +2)
You have supernaturally acute eyesight. (SInv)
Armour fits poorly on your strangely shaped body.
Your system is resistant to poisons. (rPois)
You cover ground very slowly.
You can spit poison.
You have a snake-like lower body.


Message History

Pikel hits you with a +1 whip of electrocution.
Unknown command.
Aiming: Throw Flame
Press: ? - help, Shift-Dir - straight line, f/p - Pikel
Aim: Pikel, wielding a +1 whip of electrocution and wearing a +2 robe of willpower (severely wounded, 64% to hit)
The puff of flame hits Pikel but does no damage.
Pikel is severely wounded.
Pikel hits you with a +1 whip of electrocution.
Okay, then.
Press: ? - help, Shift-Dir - straight line, f/p - Pikel
Aim: Pikel, wielding a +1 whip of electrocution and wearing a +2 robe of willpower (severely wounded)
The splash of poison misses Pikel.
Pikel barely misses you.
Unknown command.
Aiming: Throw Flame
Press: ? - help, Shift-Dir - straight line, f/p - Pikel
Aim: Pikel, wielding a +1 whip of electrocution and wearing a +2 robe of willpower (severely wounded, 64% to hit)
The puff of flame misses Pikel.
Pikel hits you with a +1 whip of electrocution.
Unknown command.
Aiming: Throw Flame
Press: ? - help, Shift-Dir - straight line, f/p - Pikel
Aim: Pikel, wielding a +1 whip of electrocution and wearing a +2 robe of willpower (severely wounded, 64% to hit)
The puff of flame misses Pikel.
Pikel closely misses you.
Unknown command.
Aiming: Throw Flame
Press: ? - help, Shift-Dir - straight line, f/p - Pikel
Aim: Pikel, wielding a +1 whip of electrocution and wearing a +2 robe of willpower (severely wounded, 64% to hit)
The puff of flame hits Pikel!
Pikel is almost dead.
You have got your breath back.
Pikel hits you but does no damage.
You are electrocuted!
* * * LOW HITPOINT WARNING * * *
Unknown command.
Aiming: Throw Flame
Press: ? - help, Shift-Dir - straight line, f/p - Pikel
Aim: Pikel, wielding a +1 whip of electrocution and wearing a +2 robe of willpower (almost dead, 64% to hit)
The puff of flame hits Pikel.
Pikel is almost dead.
Pikel hits you with a +1 whip of electrocution.
You die...

.........# #...#.# #^#
.........#######.#..# #.#
.........'..........####.#
.........#######.#..#..#.#
...).....# #.#.[#..#.#
)........# #.#<....#.#
.........# #.#..#..#.#
.........#######.#..#..#.#
...............K@#.##.##.#
.......).................#
###.##############..#....#
###.######## #..####.#
...........# #.......#
......>....#######.#######
................)...#
...........##########
...........#


You could see Pikel.

Vanquished Creatures
  An orc priest (D:2)
  An orc wizard (D:3)
  Natasha (thrice) (D:2)
  3 adders
  2 adder skeletons (D:4)
  2 worms
  6 dart slugs
  3 orcs
  6 ball pythons
  An endoplasm (D:4)
  3 giant cockroaches (D:3)
  2 goblins (D:3)
  8 hobgoblins
  5 quokkas
  A bat (D:3)
  4 frilled lizards
  4 kobolds
  2 rats (D:1)
57 creatures vanquished.

Notes
Turn   | Place    | Note
-------+----------+-------------------------------------------
     0 | D:1      | MajorAdolf the Naga Wanderer began the quest for the Orb.
     0 | D:1      | MajorAdolf set off with the following items: a +2 hand axe,
                  | a potion of curing, a scroll of teleportation, a +0 robe
     0 | D:1      | Reached XP level 1. HP: 19/19 MP: 1/1
   281 | D:1      | Noticed a shining eye
   285 | D:1      | Found a faded altar of an unknown god.
   287 | D:1      | Noticed a golden eye
   287 | D:1      | Noticed a great orb of eyes
   287 | D:1      | Noticed an eye of devastation
   296 | D:1      | Reached XP level 2. HP: 27/27 MP: 2/2
   507 | D:1      | You fall into a shaft and drop 1 floor!
  1236 | D:1      | Reached XP level 3. HP: 33/33 MP: 3/3
  2590 | D:2      | Noticed Natasha
  2596 | D:2      | Killed Natasha
  2597 | D:2      | Reached skill level 1 in Dodging
  2597 | D:2      | Reached XP level 4. HP: 42/42 MP: 4/4
  2636 | D:2      | Noticed Natasha
  2641 | D:2      | Killed Natasha
  2642 | D:2      | Reached skill level 4 in Axes
  2671 | D:2      | Noticed Natasha
  2676 | D:2      | Killed Natasha
  2677 | D:2      | Reached XP level 5. HP: 31/49 MP: 5/5
  4034 | D:3      | Found an ornate altar of the Wu Jian Council.
  4182 | D:3      | Found a hazy altar of Hepliaklqana.
  4182 | D:3      | Found a bloodstained altar of Trog.
  4314 | D:4      | Noticed a lemure
  4314 | D:4      | Noticed Pikel
  4315 | D:4      | Noticed a lemure
  4511 | D:4      | Reached XP level 6. HP: 46/57 MP: 6/6
  5331 | D:3      | Slain by Pikel

Illustrated notes

Levels and vault maps discovered:
D:1:      sevenhm_arrival_forest_fort_large_2, layout_basic,
          hellmonk_ecumenical_altar_watching_god
D:2:      layout_basic, uniq_natasha
D:3:      layout_basic, mainiacjoe_overflow_chevrons,
          amethyst_overflow_temple_binary
D:4:      layout_loops_cross, general_overflow_altar, gammafunk_ghost_smash,
          uniq_pikel

Skill      XL: |  1  2  3  4 |
---------------+-------------+-----
Fighting       | 3 |  3.7
Dodging        | 1 |  1.7
Axes           | 4 |  4.3
Throwing       | |  1.0
Armour         | |  2.9
Evocations     | |  1.6

Action                   |  1- 3 |  4- 6 || total
-------------------------+-------+-------++-------
Melee: Hand axe          |    45 |   109 ||   154
 Abil: Spit Poison       |    12 |    10 ||    22
Evoke: Wand              |       |    10 ||    10
 Stab: Sleeping          |     2 |       ||     2
Armor: Robe              |     2 |     1 ||     3
       Chain mail        |       |    61 ||    61
Dodge: Dodged            |    18 |    36 ||    54
